Map: Frozen Temple

Players

pUnkOuter - Winner!

  • Race: Terran Terran
  • League: Diamond

MataLeon

  • Race: Protoss Protoss
  • League: Diamond

VOD

Have the link to the VOD?

Description

Time

  • Played on: April 23, 2016, 6 a.m.
  • Length: 21:42
Show
View Real Time Build Order
Export as new Build Order

pUnkOuter Terran - Winner!

Build Orders: Reaper Expand, MMM Bio 

Get SALT Encoding   

  12  0:00  SCV  
  13  0:12  SCV  
  14  0:18  Supply Depot  
  14  0:24  SCV  
  15  0:40  Barracks  
  15  0:43  SCV  
  15  0:45  Refinery  
  16  0:55  SCV  
  17  1:07  SCV  
  18  1:20  SCV  
  19  1:31  Reaper  
  19  1:32  Orbital Command  
  20  1:53  Command Center  
  20  1:58  Supply Depot  
  20  2:00  SCV  
  21  2:04  Marine  
  22  2:11  Refinery  
  22  2:15  Factory  
  22  2:25  Barracks  
  22  2:28  Barracks Reactor  
  22  2:33  SCV  
  23  2:45  SCV  
  24  3:02  SCV  
  24  3:04  Marine, Widow Mine  
  28  3:06  Orbital Command, Starport  
  27  3:20  Marine  
  27  3:21  Barracks Tech Lab  
  27  3:26  SCV  
  28  3:28  Engineering Bay  
  28  3:34  SCV  
  28  3:36  Widow Mine  
  31  3:42  Stimpack  
  31  3:43  Marine  
  32  3:48  Medivac  
  32  3:50  SCV  
  32  3:51  SCV  
  36  3:57  Marauder  
  36  4:02  SCV  
  39  4:03  Marine x2  
  39  4:18  Marine  
  39  4:21  Marine  
  41  4:29  Orbital Command  
  41  4:30  SCV  
  43  4:33  Missile Turret  
  43  4:34  Medivac  
  43  4:36  Factory Reactor  
  44  4:42  Marine x2  
  46  4:47  Barracks  
  46  4:48  Supply Depot  
  46  5:09  Marine x2, SCV x2  
  46  5:21  SCV x2  
  46  5:28  Factory Reactor  
  46  5:30  Barracks  
  46  5:33  Barracks, SCV x2  
  48  5:39  Bunker  
  48  5:41  Marine x2, Refinery  
  48  5:42  Marauder  
  52  5:45  Barracks Tech Lab  
  52  5:46  SCV x2  
  54  5:53  Combat Shields  
  54  5:56  Terran Infantry Weapons Level 1  
  54  5:58  SCV  
  54  6:01  Medivac  
  49  6:14  Marine  
  49  6:15  Marauder x2, Marine, SCV  
  49  6:16  SCV  
  55  6:23  Barracks Reactor  
  55  6:24  Barracks Tech Lab  
  55  6:28  SCV x2  
  55  6:29  Concussive Shells  
  55  6:32  Marine  
  57  6:36  Marauder x2  
  62  6:46  Supply Depot, SCV x2, Marine, Widow Mine x2  
  69  6:50  Marine  
  69  6:51  Missile Turret  
  70  7:08  Marauder, Marine, Medivac x2, SCV  
  78  7:10  Supply Depot  
  78  7:19  Marine  
  78  7:21  SCV  
  78  7:23  Marauder  
  78  7:24  Marauder, Widow Mine x2  
  78  7:28  Marine x2  
  78  7:29  SCV  
  78  7:30  Marauder  
  74  7:40  SCV  
  73  7:45  Marauder x2  
  73  7:51  Marauder  
  73  7:52  Marine x2  
  73  7:53  Marine x2  
  73  7:55  Widow Mine x2  
  73  7:56  Medivac  
  82  8:06  Marauder x2  
  82  8:10  Marine  
  86  8:16  Marauder  
  86  8:25  Terran Infantry Armor Level 1  
  86  8:31  Supply Depot  
  86  8:32  SCV  
  86  8:33  Marine  
  86  8:46  Marine  
  86  8:47  Marauder  
  85  8:50  Marauder  
  85  8:52  Marauder  
  85  8:58  Marine x3  
  86  9:04  Marine  
  86  9:08  Marauder  
  86  9:11  Marauder  
  86  9:14  Marauder  
  86  9:16  Marine  
  89  9:19  Marine x2  
  89  9:20  SCV x2  
  89  9:27  Marine  
  89  9:30  Marauder  
  91  9:32  SCV x2  
  91  9:34  Marine  
  91  9:38  Marauder  
  94  9:40  Supply Depot  
  94  9:42  Barracks  
  94  9:43  Supply Depot  
  94  9:45  Marine x2  
  94  9:46  Barracks  
  94  9:48  Marauder  
  94  9:49  Marine  
  94  9:51  Marauder  
  94  9:52  Marine  
  94  9:54  SCV  
  94  9:55  SCV  
  93  10:00  Marauder  
  93  10:03  Marine  
  93  10:05  Marine  
  93  10:06  SCV  
  94  10:07  Marine, SCV  
  94  10:09  Marine x2  
  94  10:13  Marauder  
  97  10:18  SCV  
  97  10:19  SCV  
  97  10:21  Marauder, Marine  
  96  10:23  Marine  
  96  10:25  Marine  
  96  10:27  Marauder  
  101  10:30  SCV  
  101  10:31  SCV  
  101  10:34  Marauder, Marine x3  
  107  10:39  Marine  
  107  10:42  SCV  
  103  10:43  SCV  
  102  10:54  Marauder x2, Marine x3  
  102  10:55  Marauder, Marine x2  
  102  10:56  SCV x2  
  103  11:08  SCV x2  
  104  11:16  Marauder  
  104  11:21  Marauder x2, Marine x2  
  104  11:24  Marine  
  104  11:25  Marine  
  110  11:28  Marine x2  
  104  11:37  Marauder  
  104  11:39  Marine x2  
  98  11:42  Marine x3  
  98  11:43  Marauder  
  98  11:46  Marine x2  
  93  11:57  Marine x2  
  93  11:58  Marine  
  93  11:59  Orbital Command, Marine  
  93  12:00  Marine x2  
  99  12:03  Marine x3, Medivac x2  
  99  12:06  Widow Mine  
  108  12:15  Marine x2  
  107  12:16  Marine  
  107  12:17  Marine  
  107  12:18  Marine  
  110  12:26  Marine x4  
  110  12:29  Armory  
  114  12:33  Marine  
  114  12:35  Command Center  
  107  12:51  Marauder x3, Marine x5  
  109  12:52  Marine  
  109  12:53  Widow Mine  
  109  12:56  Widow Mine  
  121  13:09  Marine x2  
  121  13:11  SCV x2  
  125  13:14  Marine  
  126  13:32  Marine  
  126  13:33  Marauder  
  126  13:34  Marauder  
  120  13:39  Liberator x2  
  83  13:53  Marine x6  
  83  13:54  Marine x3  
  83  13:55  Widow Mine x2  
  98  14:05  Barracks  
  98  14:08  Factory  
  98  14:11  Marine x6  
  98  14:12  Marauder  
  98  14:13  Marauder x2, SCV x2  
  98  14:15  Planetary Fortress  
  112  14:17  Missile Turret  
  112  14:23  Widow Mine x2  
  114  14:28  Marine  
  114  14:29  Marine x3  
  114  14:31  Barracks Tech Lab  
  121  14:32  Barracks Reactor  
  121  14:33  Marine  
  121  14:38  Supply Depot  
  121  14:39  Medivac x2  
  121  14:41  Supply Depot  
  121  14:42  Command Center  
  125  14:54  Marauder x3, Marine x3  
  125  14:55  Marine x2  
  136  15:07  Factory Tech Lab  
  136  15:09  Medivac x2  
  136  15:12  Marine x3  
  141  15:17  SCV x2  
  149  15:21  Marauder x3, Marine x4  
  149  15:23  SCV  
  154  15:29  Terran Infantry Weapons Level 2, SCV x2  
  154  15:30  Marine  
  154  15:32  Engineering Bay  
  157  15:36  Supply Depot  
  157  15:37  Supply Depot  
  157  15:39  Refinery  
  157  15:40  Refinery  
  157  15:42  Refinery x2  
  157  15:46  Marine x2  
  157  15:49  Liberator  
  147  15:55  Refinery  
  147  15:56  Missile Turret, Refinery  
  106  16:05  Marauder x2, Marine x5  
  109  16:21  SCV x2  
  109  16:22  Marine x4  
  109  16:23  Marine x3  
  109  16:24  Drilling Claws  
  118  16:28  Widow Mine  
  116  16:44  Marine x6  
  116  16:45  Marine x4  
  124  16:49  Medivac  
  126  17:02  Marine x6  
  126  17:07  Marine x4  
  126  17:08  SCV x3  
  129  17:17  Terran Infantry Armor Level 2  
  129  17:19  Marine x2  
  129  17:20  Marine x4, Widow Mine x3  
  129  17:21  Medivac x2  
  143  17:24  Marine x2  
  143  17:25  Marine x2  
  143  17:28  Command Center  
  139  17:37  Marine x3  
  139  17:38  Marine x3  
  139  17:42  Marine x3  
  139  17:43  Marine  
  149  17:45  Liberator x2  
  149  17:48  Widow Mine x2  
  153  17:55  Marine  
  153  18:03  Marine x4  
  153  18:04  Marauder x3  
  153  18:05  Marauder  
  168  18:12  Marine  
  169  18:13  SCV  
  170  18:25  Marauder  
  172  18:32  Marauder  
  172  18:33  Marauder  
  173  18:38  Marauder  
  167  18:45  Marine x2  
  167  18:46  SCV x2  
  167  18:47  Marauder  
  171  18:53  Marauder  
  171  18:54  Marine x3  
  171  18:55  Marauder  
  155  19:00  Marauder  
  155  19:08  Marauder  
  157  19:15  Marauder  
  157  19:16  Marauder  
  158  19:21  Marauder  
  142  19:24  Marine x5  
  142  19:25  Marine, SCV x2  
  142  19:29  Marine  
  145  19:36  Marauder  
  145  19:37  Marauder  
  148  19:42  Marauder, Marine x2  
  144  19:47  Marauder, Marine x4  
  144  19:49  Widow Mine x3  
  144  19:52  Medivac x2  
  158  19:57  Marauder  
  158  19:58  Marine  
  160  20:00  Marine x2  
  160  20:03  Marine  
  160  20:04  SCV  
  160  20:05  Marine x4, SCV x3  
  170  20:08  Marine  
  171  20:16  Marine  
  171  20:17  Marine, Widow Mine  
  171  20:18  Marine x2  
  171  20:21  Marine  
  173  20:22  Medivac x2  
  173  20:23  Marine x2  
  173  20:28  Marine x3  
  181  20:33  Command Center  
  181  20:34  Marine  
  184  20:35  Marine x2  
  184  20:36  Marine  
  187  20:44  SCV  
  187  20:45  Planetary Fortress  
  186  20:51  Marine x2  
  188  21:01  Orbital Command  
  188  21:03  Marine x2  
  188  21:06  Marine x6, Medivac x2  
  188  21:09  Marine x2  
  190  21:20  Marine x2  
  190  21:23  Marine x4  
  190  21:24  Marine x2, SCV x3  
Show
View Real Time Build Order
Export as new Build Order

MataLeon Protoss 

Build Orders: 1 Gate Expand, Blink Stalkers 

Get SALT Encoding   

  12  0:01  Probe (Chrono Boost)  
  13  0:12  Probe (Chrono Boost)  
  14  0:20  Pylon  
  14  0:22  Probe (Chrono Boost)  
  15  0:38  Probe (Chrono Boost)  
  15  0:41  Gateway  
  16  0:43  Assimilator  
  16  0:49  Probe (Chrono Boost)  
  17  1:00  Probe (Chrono Boost)  
  18  1:11  Probe (Chrono Boost)  
  19  1:22  Probe (Chrono Boost)  
  20  1:30  Nexus  
  20  1:34  Probe (Chrono Boost)  
  20  1:39  Cybernetics Core  
  21  1:46  Pylon  
  21  1:50  Probe (Chrono Boost)  
  22  1:57  Pylon  
  22  2:00  Probe (Chrono Boost)  
  23  2:04  Assimilator  
  23  2:13  Probe (Chrono Boost)  
  24  2:16  Adept (Chrono Boost)  
  24  2:17  Warp Gate  
  26  2:25  Probe  
  27  2:35  Twilight Council  
  27  2:37  Probe  
  28  2:49  Stalker (Chrono Boost)  
  28  2:50  Probe  
  31  2:53  Probe  
  32  3:02  Probe  
  33  3:09  Probe  
  34  3:14  Probe  
  32  3:20  Probe  
  32  3:22  Blink (Chrono Boost)  
  32  3:23  Stalker  
  32  3:26  Probe  
  36  3:30  Probe  
  37  3:40  Gateway, Probe  
  38  3:45  Robotics Facility  
  38  3:55  Gateway  
  38  3:57  Probe  
  38  3:59  Probe  
  40  4:13  Probe  
  40  4:14  Probe  
  40  4:23  Probe  
  40  4:26  Probe  
  42  4:32  Nexus  
  42  4:33  Observer, Mothership Core  
  42  4:38  Stalker, Probe  
  48  4:47  Assimilator  
  48  4:49  Assimilator  
  48  4:57  Pylon  
  48  5:13  Probe  
  46  5:15  Observer, Probe  
  49  5:24  Probe  
  49  5:27  Probe  
  51  5:33  Stalker  
  51  5:34  Probe  
  54  5:43  Pylon, Probe  
  54  5:44  Observer  
  54  5:45  Pylon, Probe  
  54  5:48  Pylon, Gateway  
  57  5:51  Gateway  
  57  5:53  Gateway  
  57  5:57  Stalker  
  57  5:58  Stalker  
  61  6:05  Observer  
  61  6:09  Adept  
  62  6:24  Probe  
  62  6:25  Adept x2  
  65  6:30  Probe  
  65  6:31  Probe  
  68  6:35  Probe  
  68  6:37  Templar Archives  
  68  6:38  Immortal  
  68  6:39  Forge  
  73  6:41  Forge, Probe  
  73  6:43  Probe  
  73  6:45  Probe  
  75  6:51  Probe  
  77  7:00  Stalker  
  77  7:01  Adept x5  
  87  7:09  Probe  
  87  7:10  Probe  
  87  7:11  Probe  
  79  7:30  Adept x4  
  79  7:32  Psionic Storm  
  79  7:36  Adept  
  79  7:37  Adept  
  87  7:38  Probe  
  87  7:39  Probe  
  87  7:40  Probe  
  87  7:43  Protoss Ground Armor Level 1, Protoss Ground Weapons Level 1  
  86  7:51  Stalker x3  
  88  7:52  Probe  
  88  7:54  Probe  
  92  7:59  Pylon  
  92  8:00  Assimilator  
  92  8:02  Assimilator  
  87  8:07  Pylon  
  83  8:13  Adept x3  
  83  8:19  Stalker  
  78  8:20  Stalker  
  78  8:24  Pylon  
  80  8:29  Gateway  
  80  8:30  Immortal  
  82  8:38  Adept x2  
  82  8:39  Adept x2  
  76  8:55  Adept x2  
  74  9:00  Adept x2  
  74  9:01  Adept x2  
  76  9:09  Observer  
  75  9:10  Pylon  
  75  9:13  Pylon  
  72  9:30  Adept x3  
  72  9:31  Observer  
  75  9:39  Adept x2  
  74  9:49  Adept  
  74  9:51  Protoss Ground Armor Level 2  
  63  9:59  Adept x2  
  64  10:00  Gateway, Adept x4  
  64  10:03  Gateway  
  64  10:10  Pylon  
  64  10:12  Probe  
  61  10:14  Mothership Core, Immortal  
  63  10:21  Adept x3  
  63  10:22  Adept x4  
  73  10:31  Probe x2  
  71  10:45  Stalker x3  
  66  11:05  Adept x2  
  66  11:06  Adept x2  
  73  11:18  Stalker  
  73  11:19  Stalker x2  
  79  11:31  Adept x2  
  71  11:54  Nexus  
  71  12:03  Probe  
  71  12:04  Probe  
  71  12:06  High Templar  
  71  12:07  High Templar  
  71  12:08  Protoss Ground Weapons Level 2 (Chrono Boost)  
  72  12:16  Probe  
  72  12:17  Adept x4  
  72  12:19  Probe  
  78  12:28  Probe  
  79  12:33  Adept x3  
  79  12:46  Adept x2  
  79  12:48  High Templar  
  85  12:52  Probe  
  85  12:56  High Templar  
  88  13:02  Archon, Adept  
  90  13:14  Mothership Core  
  90  13:15  Probe  
  93  13:24  High Templar x2  
  89  13:38  Adept x3  
  89  13:39  High Templar  
  70  14:00  Observer  
  70  14:02  Adept x2  
  75  14:06  Probe  
  75  14:08  Probe  
  77  14:18  Protoss Ground Weapons Level 3 (Chrono Boost)  
  77  14:21  Immortal (Chrono Boost)  
  81  14:29  High Templar  
  81  14:30  Adept x2  
  87  14:35  Protoss Ground Armor Level 3  
  87  14:45  Adept  
  89  14:46  Adept x2  
  90  15:15  Nexus  
  90  15:17  Adept x4  
  98  15:34  Adept x4  
  106  15:56  Archon x2  
  83  16:11  High Templar x4  
  83  16:12  High Templar x3, Zealot  
  83  16:13  Zealot  
  101  16:23  Archon x2  
  101  16:24  Archon  
  97  16:48  Zealot x4  
  105  16:56  High Templar x2  
  105  16:58  Adept x3  
  112  17:04  Charge (Chrono Boost)  
  110  17:18  Assimilator  
  110  17:20  Assimilator  
  110  17:29  High Templar  
  112  17:32  Probe  
  114  17:44  Probe  
  114  17:48  Zealot  
  102  18:08  Zealot  
  102  18:09  Zealot x5  
  102  18:10  Zealot  
  102  18:12  Pylon  
  116  18:14  Gateway  
  116  18:17  Gateway  
  116  18:19  Gateway  
  116  18:32  Nexus  
  106  18:35  Observer  
  88  18:53  Zealot x2  
  88  18:54  Zealot x6  
  75  19:07  Zealot  
  75  19:15  Archon  
  71  19:23  Zealot x5  
  64  19:24  High Templar x2  
  64  19:28  Archon  
  54  19:41  Zealot x2  
  58  19:53  High Templar x4  
  58  19:57  Archon x2  
  64  20:02  Observer  
  65  20:08  High Templar x2  
  69  20:35  Observer  
  70  20:36  Nexus  
  68  20:50  Pylon  
  68  20:52  High Templar  
Tags
 
Add a new tag
Caveats
  • Supply blocks, unpowered buildings, or Contaminate may cause inaccurate times.
  • Supply counts are checked every 10 seconds.